 Dungeon Crawl Stone Soup version 0.30-a0-793-g160f7cfddd (webtiles) character file.

Game seed: 12125132765491207697

177 cheesebisquit the Cleaver (level 5, 0/45 HPs)
             Began as a Hill Orc Monk on Feb 19, 2023.
             Slain by an orc wizard
             ... wielding a +0 dagger
              (3 damage)
             ... on level 4 of the Dungeon.
             The game lasted 00:08:44 (1912 turns).

cheesebisquit the Cleaver (Hill Orc Monk)           Turns: 1912, Time: 00:08:45

Health: 0/45       AC:  4    Str: 16    XL:     5   Next: 57%
Magic:  5/5        EV: 12    Int: 10    God:
Gold:   29         SH:  0    Dex: 13    Spells: 4/4 levels left

rFire   . . .      SeeInvis .    a - +0 hand axe
rCold   . . .      Faith    .    (no shield)
rNeg    . . .      Spirit   .    m - +0 leather armour
rPois   .          Reflect  .    l - +0 helmet
rElec   .          Harm     .    (no cloak)
rCorr   .          Rampage  .    (no gloves)
Will    .....                    (no boots)
Stlth   +                        (no amulet)
HPRegen 0.27/turn                (no ring)
MPRegen 0.09/turn                (no ring)

@: confused
A: no striking features
a: no special abilities


You were on level 4 of the Dungeon.
You visited 1 branch of the dungeon, and saw 4 of its levels.

You collected 29 gold pieces.

Inventory:

Hand Weapons
 a - a +0 hand axe (weapon)
 b - a +0 sling
Missiles
 i - 15 stones (quivered)
Armour
 l - a +0 helmet (worn)
 m - a +0 leather armour (worn)
Scrolls
 c - a scroll of fog {unknown}
 e - a scroll of vulnerability {unknown}
 f - 2 scrolls of blinking {unknown}
 g - 2 scrolls of teleportation {unknown}
 h - 2 scrolls of noise {unknown}
 j - a scroll of fear {unknown}
 n - a scroll of poison {unknown}
Potions
 k - 3 potions of attraction
 o - a potion of lignification


   Skills:
 - Level 3.6 Fighting
 + Level 8.0 Axes
 - Level 2.4 Dodging
 - Level 1.5 Stealth


You had 4 spell levels left.
You didn't know any spells.
Your spell library contained the following spells:

 Spells                   Type           Power      Damage    Failure   Level
 Lesser Beckoning         Tloc           0%         N/A       56%         2
 Static Discharge         Conj/Air       0%         2-2/arc   56%         2
 Gell's Gravitas          Tloc           0%         N/A       80%         3
 Teleport Other           Tloc           0%         N/A       80%         3
 Vhi's Electric Charge    Tloc/Air       0%         N/A       80%         3
 Arcjolt                  Conj/Air       0%         1d10      100%        5
 Lightning Bolt           Conj/Air       0%         1d11      100%        5


Dungeon Overview and Level Annotations

Branches:
Dungeon (3/15)

Altars:

Shops:
D:1 (

Annotations:
D:2 1 runed translucent door, Crazy Yiuf


Message History

a - a +0 hand axe (weapon)
You barely miss the orc wizard.
The orc wizard is moderately wounded.
The orc wizard hits you but does no damage.
You closely miss the orc wizard.
The orc wizard is moderately wounded.
The orc wizard hits you but does no damage.
You hit the orc wizard.
The orc wizard is severely wounded.
The orc wizard barely misses you.
You miss the orc wizard.
The orc wizard is severely wounded.
The orc wizard hits you with a +0 dagger.
* * * LOW HITPOINT WARNING * * *
You hit the orc wizard.
The orc wizard is severely wounded.
The orc wizard hits you with a +0 dagger.
* * * LOW HITPOINT WARNING * * *
You completely miss the orc wizard.
The orc wizard is severely wounded.
The orc wizard hits you but does no damage.
You barely miss the orc wizard.
The orc wizard is severely wounded.
The orc wizard hits you with a +0 dagger.
* * * LOW HITPOINT WARNING * * *
You hit the orc wizard but do no damage.
The orc wizard is severely wounded.
The orc wizard closely misses you.
Okay, then.
You closely miss the orc wizard.
The orc wizard is severely wounded.
The orc wizard points at you and mumbles some strange words.
You are confused.
You are too confused!
The orc wizard hits you with a +0 dagger.
* * * LOW HITPOINT WARNING * * *
Things that are here:
a +0 war axe; a +0 ring mail The orc wizard hits you with a +0 dagger.
You die...

######..
#......# .
#......# ..
#......#
...#......#
..........#
#.>....†#
#.....o.#
#.....@.######
#.#+###......#
.. #......# .
#......#
#.....(#
#.....[#
#......####
#######........
#.....'........


You could see an orc wizard.

Vanquished Creatures
  Jessica (D:2)
  Natasha (D:4)
  2 orc wizards (D:4)
  Robin (D:1)
  An adder (D:2)
  A worm (D:2)
  3 dart slugs
  An orc (D:4)
  3 ball pythons
  4 bats
  2 endoplasms
  11 goblins
  8 hobgoblins
  5 kobolds
  2 quokkas (D:1)
  3 frilled lizards
49 creatures vanquished.

Vanquished Creatures (others)
  A goblin (D:2)
  2 fungi (D:2)
3 creatures vanquished.

Grand Total: 52 creatures vanquished

Notes
Turn   | Place    | Note
-------+----------+-------------------------------------------
     0 | D:1      | cheesebisquit the Hill Orc Monk began the quest for the
                  | Orb.
     0 | D:1      | Reached XP level 1. HP: 19/19 MP: 1/1
   278 | D:1      | Reached XP level 2. HP: 19/26 MP: 2/2
   481 | D:1      | Reached skill level 5 in Axes
   647 | D:1      | Found Lifeokieme's Weapon Boutique.
   976 | D:2      | Noticed Jessica
   993 | D:2      | Reached XP level 3. HP: 31/31 MP: 3/3
   997 | D:2      | Killed Jessica
   998 | D:2      | Reached skill level 6 in Axes
  1114 | D:2      | Noticed Robin
  1136 | D:3      | Reached XP level 4. HP: 28/39 MP: 4/4
  1248 | D:1      | Killed Robin
  1423 | D:2      | Found a faded altar of an unknown god.
  1608 | D:2      | Reached skill level 7 in Axes
  1791 | D:2      | Found a runed translucent door.
  1792 | D:2      | Noticed Crazy Yiuf
  1844 | D:2      | You fall into a shaft and drop 2 floors!
  1866 | D:4      | Noticed Natasha
  1882 | D:4      | Reached XP level 5. HP: 29/45 MP: 5/5
  1886 | D:4      | Killed Natasha
  1900 | D:4      | Reached skill level 8 in Axes
  1912 | D:4      | Slain by an orc wizard

Illustrated notes

Levels and vault maps discovered:
D:1:      lightli_arrival_maybe_door_vault, layout_basic, serial_shops,
          nicolae_square_shop
D:2:      layout_rooms, shapermc_ecumenical_altar_mp_vishouse,
          chequers_serial_rivers_room_a, uniq_crazy_yiuf_cottage, uniq_robin,
          uniq_jessica
D:3:      layout_basic, nicolae_vehumet_altar_sigil
D:4:      layout_gridville, old_standard_altar, minmay_temple_entry_offerings,
          minmay_ogre_servants, uniq_sigmund, uniq_ijyb, uniq_natasha

Skill      XL: |  1  2  3  4  5 |
---------------+----------------+-----
Axes           | 5 6 7 8 |  8.0
Fighting       | |  3.6
Dodging        | |  2.4
Stealth        | |  1.5

Action                     |  1- 3 |  4- 6 || total
---------------------------+-------+-------++-------
  Melee: Hand axe          |    70 |    72 ||   142
         Punch             |     3 |     2 ||     5
         Unarmed           |       |    20 ||    20
   Fire: Sling             |       |    22 ||    22
  Throw: Stone             |     8 |       ||     8
    Use: Potion            |     1 |     3 ||     4
   Stab: Sleeping          |     1 |     1 ||     2
 Armour: Robe              |     8 |     4 ||    12
         Skin              |       |    82 ||    82
         Leather armour    |       |    11 ||    11
         Animal skin       |       |     4 ||     4
  Dodge: Dodged            |    56 |    71 ||   127

Table legend: (Time is in decaauts)
 A = Elapsed time spent in this place.
 B = Non-inter-level travel time spent in this place.
 C = Inter-level travel time spent in this place.
 D = Time resting spent in this place.
 E = Time spent auto-exploring this place.
 F = Levels seen in this place.
 G = Mean time per level.
                   A        B        C        D        E       F      G
               +--------+--------+--------+--------+--------+-----+--------+
         Total |   1927 |   1899 |     28 |    185 |   1201 |   4 |  481.8 |
       Dungeon |   1927 |   1899 |     28 |    185 |   1201 |   4 |  481.8 |
               +--------+--------+--------+--------+--------+-----+--------+

Top non-repeatable levels by time:
     D:1: 1021 daAuts
     D:2: 774 daAuts
     D:4: 70 daAuts
     D:3: 60 daAuts
